 Dungeon Crawl Stone Soup version 0.30.1 (webtiles) character file.

Game seed: 13579569813226500920

61250 GeoRichter the Scorcher (level 15, -18/222 HPs)
             Began as a Gargoyle Fire Elementalist on July 4, 2023.
             Was an Elder of Ashenzari.
             Demolished by an orc knight
             ... wielding a +0 great mace
              (39 damage)
             ... on level 2 of the Orcish Mines on July 5, 2023.
             The game lasted 00:51:59 (27374 turns).

GeoRichter the Scorcher (GrFE)                     Turns: 27374, Time: 00:52:00

Health: -18/222    AC: 27    Str: 12    XL:     15   Next: 2%
Magic:  3/32       EV:  2    Int: 23    God:    Ashenzari [****..]
Gold:   1627       SH:  5    Dex: 10    Spells: 13/40 levels left

rFire   + . .        m - staff of conjuration "Bound Together" (curse) {!a, Cun, Range} (curse)
rCold   . . .        L - +0 buckler "Chained Ennui" {Melee, Fort} (curse)
rNeg    + . .        a - melded +0 robe "Bound Negligence" {Elem, Melee} (curse)
rPois   ∞            x - melded +0 helmet "Thunder Perfect Mind" {Elem, Melee} (curse)
rElec   .            c - melded +1 cloak of Mysticism {rN+ Str+3}
rCorr   .            (gloves currently unavailable)
SInv    +            y - melded +0 pair of boots of the Gnostic Welkin {Cun, Elem} (curse)
Will    +....        F - amulet "Negligence of Ashenzari" {Regen+, Melee, Bglg} (curse) Stlth
                     g - ring of wizardry
HPRegen 1.37/turn    Q - ring of the Ruined Pleiades {rF+, Fort, Elem} (curse)
MPRegen 0.23/turn

%: clarity, wizardry (x1)
@: berserking, tree-form, attractive, very quick
A: stationary, stasis, torment immunity, boosted hp, sickness immunity, AC +11,
(big wings), negative energy resistance 1, (electricity resistance), torment
resistance 1, petrification resistance
a: Renounce Religion, Curse Item, Shatter the Chains


You were on level 2 of the Orcish Mines.
You worshipped Ashenzari.
Ashenzari was greatly pleased with you.
You were a tree.
You visited 3 branches of the dungeon, and saw 17 of its levels.
You also visited: Sewer.

You collected 2587 gold pieces.
You spent 960 gold pieces at shops.

Inventory:

Missiles
 b - a throwing net {!f}
 l - 81 poisoned darts
Armour
 a - the cursed +0 robe "Bound Negligence" (melded) {Elem, Melee}

   It has a curse which improves the following skills: Elements: Fire Magic, Ice
   Magic, Air Magic and Earth Magic.
   Melee Combat: Short Blades, Long Blades, Axes, Maces & Flails, Polearms,
   Staves and Unarmed Combat.
 c - the +1 cloak of Mysticism (melded) {rN+ Str+3}
   (You found it on level 4 of the Lair of Beasts)

   Str:       It affects your strength (+3).
   rN:        It protects you from negative energy.
 x - the cursed +0 helmet "Thunder Perfect Mind" (melded) {Elem, Melee}
   (You found it on level 7 of the Dungeon)

   It has a curse which improves the following skills: Elements: Fire Magic, Ice
   Magic, Air Magic and Earth Magic.
   Melee Combat: Short Blades, Long Blades, Axes, Maces & Flails, Polearms,
   Staves and Unarmed Combat.
 y - the cursed +0 pair of boots of the Gnostic Welkin (melded) {Cun, Elem}
   (You found it on level 7 of the Dungeon)

   It has a curse which improves the following skills: Cunning: Dodging and
   Stealth.
   Elements:  Fire Magic, Ice Magic, Air Magic and Earth Magic.
 K - a +1 robe of positive energy
   (You took it off Erica on level 8 of the Dungeon)
 L - the cursed +0 buckler "Chained Ennui" (worn) {Melee, Fort}
   (You found it on level 8 of the Dungeon)

   It has a curse which improves the following skills: Melee Combat: Short
   Blades, Long Blades, Axes, Maces & Flails, Polearms, Staves and Unarmed
   Combat.
   Fortitude: Armour and Shields.
 N - an orb of mayhem
   (You found it on level 9 of the Dungeon)
Magical Staves
 m - the cursed staff of conjuration "Bound Together" (weapon) {!a, Cun, Range}
   (You found it on level 1 of the Dungeon)

   [staff of conjuration]

   Base accuracy: +5 Base damage: 5 Base attack delay: 1.2 This weapon's minimum
   attack delay (0.6) is reached at skill level 12.
   It falls into the 'Staves' category.
   It is a one-handed weapon.
   It has a curse which improves the following skills: Cunning: Dodging and
   Stealth.
   Ranged Combat: Ranged Weapons and Throwing.
 s - a staff of earth
   (You found it on level 4 of the Dungeon)
Jewellery
 g - a ring of wizardry (left branch)
   (You found it on level 5 of the Lair of Beasts)
 F - the cursed amulet "Negligence of Ashenzari" (around neck) {Regen+, Melee, Bglg}
   (You found it on level 8 of the Dungeon)

   [amulet of regeneration]

   Regen:     It increases your rate of health regeneration.
   It has a curse which improves the following skills: Melee Combat: Short
   Blades, Long Blades, Axes, Maces & Flails, Polearms, Staves and Unarmed
   Combat.
   Beguiling: Conjurations, Hexes and Translocations.
 P - a ring of protection from cold
   (You found it on level 1 of the Lair of Beasts)
 Q - the cursed ring of the Ruined Pleiades (right branch) {rF+, Fort, Elem}
   (You found it on level 1 of the Lair of Beasts)

   [ring of protection from fire]

   rF:        It protects you from fire.
   It has a curse which improves the following skills: Fortitude: Armour and
   Shields.
   Elements:  Fire Magic, Ice Magic, Air Magic and Earth Magic.
Wands
 v - a wand of paralysis (29)
   (You took it off an orc on level 6 of the Dungeon)
 z - a wand of iceblast (9)
   (You found it on level 7 of the Dungeon)
 D - a wand of mindburst (8)
   (You took it off a gnoll on level 7 of the Dungeon)
 J - a wand of polymorph (13)
   (You took it off Erica on level 8 of the Dungeon)
Scrolls
 d - 8 scrolls of teleportation {@r4}
 p - 5 scrolls of vulnerability {!r}
 r - 3 scrolls of torment {!r}
 t - 4 scrolls of enchant weapon
 w - 2 scrolls of immolation {!r}
 A - 2 scrolls of enchant armour
 C - 3 scrolls of magic mapping
 E - 4 scrolls of blinking
 G - 2 scrolls of brand weapon
 H - 7 scrolls of fog
 M - 2 scrolls of poison
 R - 3 scrolls of amnesia
Potions
 e - 15 potions of curing {@q1}
 h - 2 potions of attraction {!q}
 j - 2 potions of resistance
 k - 2 potions of mutation {!q}
 n - 4 potions of haste {@q3}
 u - a potion of ambrosia
 I - 3 potions of brilliance
 O - 2 potions of lignification {!q}
 T - a potion of cancellation


   Skills:
 + Level 13.3 Fighting
 - Level 1.5(2.8) Dodging
 - Level 2.1(3.6) Stealth
 - Level 3.0(5.3) Shields
 + Level 13.0 Spellcasting
 - Level 11.0(12.7) Conjurations
 * Level 15.4(17.1) Fire Magic
 - Level 3.0 Evocations


You had 13 spell levels left.
You knew the following spells:

 Your Spells              Type           Power      Damage    Failure   Level
a - Foxfire               Conj/Fire      100%       2x1d9     0%          1
b - Volatile Blastmotes   Fire/Tloc      100%       2d18      1%          3
c - Flame Wave            Conj/Fire      90%        2d19      1%          4
d - Fireball              Conj/Fire      45%        3d18      1%          5
e - Starburst             Conj/Fire      45%        6d13      1%          6
f - Ignition              Fire           38%        3d11      13%         8

Your spell library contained the following spells:

 Spells                   Type           Power      Damage    Failure   Level
 Scorch                   Fire           100%       2d9       0%          2
 Freeze                   Ice            60%        1d7       1%          1
 Dazzling Flash           Conj/Hex       100%       N/A       1%          3
 Hailstorm                Conj/Ice       61%        3d13      1%          3
 Ignite Poison            Fire/Tmut/Pois 41%        N/A       1%          3
 Inner Flame              Hex/Fire       53%        N/A       1%          3
 Mephitic Cloud           Conj/Pois/Air  51%        N/A       1%          3
 Fulminant Prism          Conj/Hex       30%        3d15      1%          4
 Iskenderun's Mystic Bla  Conj/Tloc      61%        2d13      1%          4
 Blink                    Tloc           30%        N/A       3%          2
 Ensorcelled Hibernation  Hex/Ice        30%        N/A       3%          2
 Lesser Beckoning         Tloc           30%        N/A       3%          2
 Poisonous Vapours        Pois/Air       30%        N/A       3%          2
 Wereblood                Tmut           14%        N/A       3%          2
 Irradiate                Conj/Tmut      30%        3d21      4%          5
 Confusing Touch          Hex            15%        N/A       6%          3
 Frozen Ramparts          Ice            30%        1d5       6%          3
 Gell's Gravitas          Tloc           15%        N/A       6%          3
 Portal Projectile        Hex/Tloc       30%        N/A       6%          3
 Teleport Other           Tloc           15%        N/A       6%          3
 Tukima's Dance           Hex            15%        N/A       6%          3
 Freezing Cloud           Conj/Ice/Air   26%        6-21      11%         5
 Passage of Golubria      Tloc           15%        N/A       21%         4
 Lee's Rapid Deconstruct  Erth           7%         3d7*      45%         5
 Yara's Violent Unravell  Hex/Tmut       7%         3d5       47%         5
 Blade Hands              Tmut           7%         N/A       50%         5
 Fire Storm               Conj/Fire      45%        8d11      99%         9
 Dragon Form              Tmut           7%         N/A       100%        7
 Enfeeble                 Hex            7%         N/A       100%        7


Dungeon Overview and Level Annotations

Branches:
Dungeon (10/15) Zot: 25569  Temple (0/1) D:4            Lair (5/5) D:9 Zot: 19488
  Swamp (0/4) Lair:2        Snake (0/4) Lair:2        Slime (0/5) Lair:5
    Orc (2/2) D:10 Zot: 9891     Elf (0/3) Orc:2         Sewer (visited)

Altars:
Ashenzari
Gozag
Hepliaklqana
Nemelex Xobeh
Okawaru
Ru
Trog
Vehumet
Yredelemnul
Zin
Jiyva

Shops:
D:4 :   D:8 =   Orc:2 ***=


Innate Abilities, Weirdness & Mutations

You are a tree.
Your roots penetrate the ground, keeping you stationary.
You cannot be teleported.
You are immune to unholy pain and torment.
Your maximum health is greatly increased.
Your equipment is partially melded.
You are immune to sickness and miasma.
((Your stone body is resilient. (AC +11)))
You are immune to poison.
((Your large and strong wings let you fly.))
You resist negative energy. (rN+)
((You are resistant to electric shocks. (rElec)))
You are resistant to unholy torment.
You are immune to petrification.


Message History

The orc knight is severely wounded.
The orc knight hits you with a +0 great mace!
You block the orc knight's attack.
You hit the orc knight but do no damage.
You blast the orc knight.
The orc knight is severely wounded.
The orc knight hits you but does no damage.
You hit the orc knight but do no damage.
The orc knight is severely wounded.
The orc knight hits you with a +0 great mace!!!
* * * LOW HITPOINT WARNING * * *
You block the orc sorcerer's attack. The orc knight barely misses you.
The orc knight hits you with a +0 great mace!
* * * LOW HITPOINT WARNING * * *
The orc knight hits you but does no damage.
The orc sorcerer completely misses you.
You hear a shout!
Really read
r - 4 scrolls of torment {!r}?
As you read the scroll of torment {!r}, it crumbles to dust.
You feel a surge of unholy energy.
The orc sorcerer convulses!
The orc knight convulses! x2
The orc knight hits you with a +0 great mace.
* * * LOW HITPOINT WARNING * * *
The orc knight hits you with a +0 great mace!!
* * * LOW HITPOINT WARNING * * *
The orc sorcerer hits you but does no damage.
You feel better.
The orc knight no longer looks unusually strong.
The orc knight hits you with a +0 great mace.
* * * LOW HITPOINT WARNING * * *
The orc knight roars a battlecry!
The orc knight goes into a battle-frenzy!
The orc sorcerer casts a spell.
Okay, then.
Do you really want to go berserk while wielding the cursed staff of conjuration "Bound Together" {!a, Cun, Range}?
A red film seems to cover your vision as you go berserk!
You feel yourself moving faster!
You feel mighty!
The orc knight no longer looks unusually strong.
You block the orc sorcerer's attack.
The orc knight hits you with a +0 great mace!
* * * LOW HITPOINT WARNING * * *
You block the orc knight's attack. The chaos spawn hits you!
* * * LOW HITPOINT WARNING * * *
The chaos spawn shocks you.
* * * LOW HITPOINT WARNING * * *
You hit the orc sorcerer but do no damage.
You blast the orc sorcerer!
The orc sorcerer is severely wounded.
The orc knight hits you with a +0 great mace!!!
You die...

##... #..# ##...#....#
##.#.# .o#
*,,##....#...
##.....))# *,
##.....#.
#.....#)##∩,{ {{
##..#... *#..).)..#*,{
{##.....#. *#)#)##{,
{{##....#... *#..)##,{
##...#)...# ##..o##
,##..)...).##
##.o♣##,##...###))###
##.o4###...###.)###.
##..!#)..###).###..
##.#.#.###).###...
####...###).###....
##.###.###..###.....
##...#####..###......
##....####.)###....#..
#.....#.#...##........


You could see 2 orc knights, a chaos spawn (summoned) and an orc sorcerer
(strong).

Vanquished Creatures
  8 hydras
  Erica (D:8)
  A catoblepas (Lair:4)
  2 two-headed ogres
  8 death yaks
  An orc high priest (Orc:2)
  Urug (D:10)
  The ghost of topfpfpflanze the Magician, a novice OpAE of Gozag (D:9)
  5 skysharks
  2 orc knights (Orc:2)
  2 wolf spiders (Lair:5)
  A manticore (D:9)
  7 orc sorcerers
  An oklob plant (Lair:5)
  7 black mambas
  Maurice (Orc:2)
  Joseph (D:8)
  9 elephants
  A guardian serpent (Lair:5)
  18 cane toads
  An orange demon (Orc:2)
  8 komodo dragons
  2 rime drakes (Lair:4)
  A troll (D:10)
  A hellwing (Orc:2)
  2 hornets (Lair:5)
  A polar bear (Lair:1)
  20 blink frogs
  5 dream sheep
  24 yaks
  An unseen horror simulacrum (D:9)
  A wraith (D:9)
  14 wyverns
  2 basilisks (Lair:3)
  A steam dragon (D:9)
  3 redbacks (Lair:5)
  4 nagas (Lair:2)
  34 water moccasins
  25 orc warriors
  3 ice beasts (D:9)
  3 black bears
  8 ogres
  12 wolves
  A phantom (D:6)
  2 centaurs
  9 kobold brigands
  3 gnoll sergeants
  14 bullfrogs
  3 scorpions
  6 wights
  8 killer bees
  2 vampire bats (Lair:4)
  3 howler monkeys (D:9)
  3 jellies
  25 orc priests
  3 hounds
  A gnoll bouda (D:5)
  5 sleepcaps
  4 hell rats (Lair:3)
  4 iguanas
  15 orc wizards
  A centaur simulacrum (D:9)
  14 gnolls
  14 adders
  5 white imps
  2 howler monkey simulacra (D:9)
  2 ufetubi (D:5)
  3 worms
  4 dart slugs
  79 orcs
  8 endoplasms
  13 giant cockroaches
  7 hobgoblins
  2 jackals (D:3)
  7 quokkas
  14 ball pythons
  13 bats
  9 frilled lizards
  13 goblins
  32 kobolds
  10 rats
  A spectral goblin (D:3)
618 creatures vanquished.

Vanquished Creatures (collateral kills)
  A foxfire (D:2)
1 creature vanquished.

Vanquished Creatures (others)
  988 foxfires
988 creatures vanquished.

Grand Total: 1607 creatures vanquished

Notes
Turn   | Place    | Note
-------+----------+-------------------------------------------
     0 | D:1      | GeoRichter the Gargoyle Fire Elementalist began the quest
                  | for the Orb.
     0 | D:1      | Reached XP level 1. HP: 10/10 MP: 3/3
     3 | D:1      | Noticed an electric eel
     4 | D:1      | Noticed an electric eel
    66 | D:1      | Reached XP level 2. HP: 15/15 MP: 0/5
   378 | D:1      | Reached XP level 3. HP: 19/19 MP: 2/6
  1339 | D:2      | Learned a level 3 spell: Volatile Blastmotes
  1349 | D:2      | Reached XP level 4. HP: 24/24 MP: 4/7
  1691 | D:2      | Found a faded altar of an unknown god.
  1878 | D:2      | Prayed at the altar of an unknown god.
  1878 | D:2      | Became a worshipper of Ashenzari the Shackled
  2257 | D:3      | Reached skill level 4 in Fire Magic
  2579 | D:3      | Reached * piety under Ashenzari
  2658 | D:3      | Reached XP level 5. HP: 28/28 MP: 7/10
  2741 | D:3      | Found a glowing silver altar of Zin.
  2904 | D:3      | Found a hazy altar of Hepliaklqana.
  3316 | D:4      | Reached skill level 5 in Fire Magic
  3316 | D:4      | Reached XP level 6. HP: 32/32 MP: 6/12
  3577 | D:4      | Reached ** piety under Ashenzari
  4168 | D:4      | Found a staircase to the Ecumenical Temple.
  4186 | D:4      | Found Josir's Tremendous Tomes.
  4293 | D:5      | Entered Level 5 of the Dungeon
  4306 | D:5      | Reached skill level 6 in Fire Magic
  4306 | D:5      | Reached XP level 7. HP: 25/36 MP: 2/14
  4352 | D:5      | Found a glowing drain.
  4378 | Sewer    | Entered a sewer
  4949 | Sewer    | Identified a scroll of acquirement
  5091 | Sewer    | Acquired 791 gold pieces
  5616 | D:5      | Reached skill level 7 in Fire Magic
  5757 | D:5      | Found an opulent altar of Gozag.
  6070 | D:5      | Reached XP level 8. HP: 41/41 MP: 10/17
  6237 | D:5      | You fall into a shaft and drop 1 floor!
  6450 | D:6      | Reached skill level 5 in Spellcasting
  6594 | D:6      | Identified the +1 ring mail of the Kangaroo {rF- rN+ Str+4}
  6772 | D:5      | Reached skill level 8 in Fire Magic
  7514 | D:6      | Reached skill level 9 in Fire Magic
  7522 | D:6      | Reached XP level 9. HP: 34/45 MP: 5/20
  8104 | D:6      | Found a radiant altar of Vehumet.
  8281 | D:7      | Reached *** piety under Ashenzari
  8303 | D:7      | Learned a level 4 spell: Flame Wave
  8506 | D:7      | Reached skill level 1 in Fighting
  8830 | D:7      | Noticed a two-headed ogre
  8850 | D:7      | Killed a two-headed ogre
  8851 | D:7      | Reached skill level 5 in Conjurations
  9016 | D:7      | Identified the Guide on the Transformed Traveller
  9080 | D:7      | Reached XP level 10. HP: 50/59 MP: 5/23
 10027 | D:4      | Bought the Quarto of Unfortunate Incineration for 960 gold
                  | pieces
 10033 | D:4      | Learned a level 5 spell: Fireball
 10326 | D:8      | Found Dayreqa's Jewellery Boutique.
 10386 | D:8      | Reached **** piety under Ashenzari
 10407 | D:8      | Noticed Joseph
 10435 | D:8      | Killed Joseph
 10970 | D:8      | Found a basalt altar of Yredelemnul.
 10970 | D:8      | Noticed Erica
 10978 | D:8      | Killed Erica
 10980 | D:8      | Reached skill level 5 in Fighting
 11279 | D:9      | Reached skill level 1 in Shields
 11404 | D:9      | Found a staircase to the Lair.
 11590 | D:9      | Found a runed translucent gate.
 11590 | D:9      | Found a runed translucent gate.
 11590 | D:9      | Found a runed translucent gate.
 11962 | D:9      | Noticed topfpfpflanze's ghost (novice OpAE)
 12304 | D:9      | Noticed a manticore
 12315 | D:9      | Killed a manticore
 13177 | D:9      | Killed topfpfpflanze's ghost
 13178 | D:9      | Reached XP level 11. HP: 57/69 MP: 15/26
 13360 | Lair:1   | Entered Level 1 of the Lair of Beasts
 13851 | Lair:1   | Reached skill level 10 in Conjurations
 14086 | Lair:1   | Identified the +0 leather armour "Eggexau" {Rampage rElec
                  | rN+}
 15235 | Lair:2   | Noticed an eight-headed hydra
 15294 | Lair:2   | Reached XP level 12. HP: 49/80 MP: 8/28
 15628 | Lair:2   | Found a staircase to the Swamp.
 15633 | Lair:2   | Noticed a seven-headed hydra
 15637 | Lair:2   | Killed a seven-headed hydra
 15638 | Lair:2   | Reached skill level 10 in Spellcasting
 15760 | Lair:2   | Found a staircase to the Snake Pit.
 15987 | Lair:2   | Killed an eight-headed hydra
 16819 | Lair:3   | Noticed a death yak
 16819 | Lair:3   | Noticed a death yak
 16819 | Lair:3   | Noticed a death yak
 16819 | Lair:3   | Noticed a death yak
 16823 | Lair:3   | Killed a death yak
 16824 | Lair:3   | Reached skill level 10 in Fire Magic
 16826 | Lair:3   | Reached skill level 1 in Evocations
 16827 | Lair:3   | Killed a death yak
 16829 | Lair:3   | Killed a death yak
 16830 | Lair:3   | Reached skill level 10 in Fighting
 16830 | Lair:3   | Killed a death yak
 16832 | Lair:3   | Noticed a five-headed hydra
 16838 | Lair:3   | Killed a five-headed hydra
 17370 | Lair:3   | Noticed a skyshark
 17373 | Lair:3   | Killed a skyshark
 17795 | Lair:4   | Reached skill level 11 in Fire Magic
 17804 | Lair:4   | Noticed a skyshark
 17807 | Lair:4   | Killed a skyshark
 17837 | Lair:4   | Noticed a catoblepas
 17938 | Lair:4   | Reached XP level 13. HP: 87/87 MP: 18/29
 18215 | Lair:3   | Learned a level 6 spell: Starburst
 18818 | Lair:4   | Reached skill level 12 in Fire Magic
 19362 | Lair:4   | Identified the +1 cloak of Mysticism {rN+ Str+3}
 19763 | Lair:5   | Entered Level 5 of the Lair of Beasts
 20765 | Lair:4   | Reached skill level 13 in Fire Magic
 21168 | Lair:5   | Found a bloodstained altar of Trog.
 21182 | Lair:5   | Gained mutation: Your large and strong wings let you fly.
                  | [Gargoyle growth]
 21182 | Lair:5   | Reached XP level 14. HP: 78/95 MP: 3/31
 22036 | Lair:4   | Reached skill level 14 in Fire Magic
 23115 | Lair:5   | Reached ***** piety under Ashenzari
 23156 | Lair:5   | Found a viscous altar of Jiyva.
 23156 | Lair:5   | Found a staircase to the Slime Pits.
 23759 | Lair:5   | Learned a level 8 spell: Ignition
 23844 | D:10     | Entered Level 10 of the Dungeon
 23858 | D:10     | Noticed Urug
 23861 | D:10     | Killed Urug
 24187 | D:10     | Found a staircase to the Orcish Mines.
 24726 | D:10     | Found a large runed translucent door.
 24727 | D:10     | Found a large runed translucent door.
 25216 | D:10     | Found a sacrificial altar of Ru.
 25219 | D:10     | Found a sparkling altar of Nemelex Xobeh.
 25275 | Orc:1    | Entered Level 1 of the Orcish Mines
 25455 | Orc:1    | Found an iron altar of Okawaru.
 25587 | Orc:2    | Entered Level 2 of the Orcish Mines
 25940 | Orc:2    | Reached skill level 15 in Fire Magic
 26256 | Orc:2    | Found Veosh's Jewellery Emporium.
 26288 | Orc:2    | Noticed Maurice
 26311 | Orc:2    | Identified the cursed +0 helmet "Thunder Perfect Mind"
                  | {Elem, Melee} (You found it on level 7 of the Dungeon)
 26311 | Orc:2    | Identified the cursed +0 pair of boots of the Gnostic
                  | Welkin {Cun, Elem} (You found it on level 7 of the Dungeon)
 26311 | Orc:2    | Identified the cursed +0 robe "Bound Negligence" {Elem,
                  | Melee}
 26313 | Orc:2    | Killed Maurice
 26575 | Orc:2    | Found a staircase to the Elven Halls.
 26591 | Orc:2    | Found Misegg's CLEARANCE SALE!.
 26784 | Orc:2    | Found Zaribyte's General Store.
 26964 | Orc:2    | Found Qoyckun's General Store.
 27358 | Orc:2    | Reached XP level 15. HP: 99/99 MP: 20/32
 27374 | Orc:2    | Demolished by an orc knight

Illustrated notes

Levels and vault maps discovered:
D:1:      arrival_aquarium_b, layout_basic, chequers_serial_rivers_large_a,
          minmay_misc_feat_nine_boxes, minmay_rat_gold_closets
D:2:      layout_loops_ring, ebering_ecumenical_altar_petrified,
          minmay_shallow_snake_nest
D:3:      layout_rooms, old_standard_altar,
          nicolae_hepliaklqana_monster_ancestors, kennysheep_minor_cross,
          serial_bayou_pond_d, grunt_ministairs_5
D:4:      layout_basic, minmay_temple_entry_gardened_gates,
          nicolae_shop_i_like_big_books, minmay_surrounded
D:5:      layout_basic, grunt_gozag_statues, cheibrodos_sewer_entry_sluice
D:6:      kennysheep_six_static_rooms, layout_basic, nicolae_vehumet_radiance
D:7:      layout_loops_ring, kennysheep_potato
D:8:      layout_gridville, mainiacjoe_overflow_alcove_4, serial_shops, shop,
          uniq_erica, uniq_joseph
D:9:      layout_layer_cave, dpeg_oklobed_lair, gammafunk_ghost_icy
D:10:     layout_loops_ring, jmf_multi_god_temple2,
          kennysheep_orc_monster_closet_entryway, uniq_urug
Lair:1:   layout_roguey
Lair:2:   nzn_winding_woodlands_small [nzn_winding_woodlands_5x15_zeroes,
          nzn_winding_woodlands_center_garden, nzn_winding_woodlands_5x15_pool],
          layout_regular_city, swamp_mist, minmay_snake_entry_guardpost_small
Lair:3:   layout_misc_corridors, infiniplex_staircase_pool_2, grunt_megastairs_2
Lair:4:   layout_cave_pods, st_stairs_12, roderic_batcave
Lair:5:   hangedman_lair_tendril_chambers, layout_cave_shapes,
          dpeg_slime_entry_enclosed, basic_altar
Orc:1:    layout_caves, serial_shops, shop, okawaru_metal_pillars_3
Orc:2:    pf_orc_diabolical, layout_caves, serial_shops,
          nicolae_shop_gaudy_bauble, nicolae_shop_clearance, uniq_maurice,
          uniq_donald

Skill      XL: |  1  2  3  4  5  6  7  8  9 10 11 12 13 14 |
---------------+-------------------------------------------+-----
Conjurations   | 2 3 6 9 11 | 11.0
Fire Magic     | 4 5 6 7 9 11 13 15 | 15.4
Spellcasting   | 3 4 6 7 8 9 11 12 13 | 13.0
Fighting       | 3 5 8 10 12 13 | 13.3
Shields        | 3 |  3.0
Evocations     | 3 |  3.0
Dodging        | |  1.5
Stealth        | |  2.1

Action                     |  1- 3 |  4- 6 |  7- 9 | 10-12 | 13-15 || total
---------------------------+-------+-------+-------+-------+-------++-------
  Melee: Unarmed           |     1 |       |       |       |       ||     1
         Dagger            |    31 |       |       |       |       ||    31
         Short sword       |     1 |       |       |       |       ||     1
         Staff             |     2 |    14 |    56 |    23 |    60 ||   155
         Punch             |       |       |     1 |       |       ||     1
   Cast: Foxfire           |    55 |   129 |   331 |    49 |    12 ||   576
         Volatile Blastmot |       |       |    24 |    28 |     4 ||    56
         Flame Wave        |       |       |     5 |    37 |    34 ||    76
         Fireball          |       |       |       |   100 |   146 ||   246
         Starburst         |       |       |       |       |    52 ||    52
         Ignition          |       |       |       |       |    18 ||    18
 Invoke: Curse Item        |       |     3 |     2 |     2 |     2 ||     9
         Shatter the Chain |       |       |       |     1 |     1 ||     2
  Evoke: Wand              |       |       |     5 |       |     4 ||     9
    Use: Scroll            |       |       |     2 |     1 |     2 ||     5
         Potion            |       |       |       |     4 |     5 ||     9
   Stab: Sleeping          |     1 |       |       |       |       ||     1
         Paralysed         |       |       |     5 |       |       ||     5
         Petrified         |       |       |       |       |     2 ||     2
 Armour: Robe              |    15 |    21 |    62 |    48 |    75 ||   221
         Skin              |       |       |       |       |     8 ||     8
  Dodge: Dodged            |    24 |    26 |   100 |    45 |   126 ||   321
  Block: Buckler           |       |       |       |    12 |    38 ||    50
